 Dungeon Crawl Stone Soup version 0.16-a0-3807-g3748f16 (webtiles) character file.

548 MrRokkomies the Skirmisher (level 7, -9/76 HPs)
             Began as an Ogre Hunter on Jan 28, 2015.
             Mangled by a gnoll
             ... wielding a +1 whip of electrocution
              (17 damage)
             ... on level 5 of the Dungeon.
             The game lasted 00:13:39 (4935 turns).

MrRokkomies the Skirmisher (Ogre Hunter)            Turns: 4935, Time: 00:13:41

Health: -9/76      AC:  6    Str: 18    XL:     7   Next: 28%
Magic:  7/7        EV: 11    Int: 10    God:
Gold:   195        SH:  0    Dex: 12    Spells: 0 memorised, 6 levels left

rFire  . . .     SeeInvis +     a - +0 giant spiked club
rCold  . . .     Clarity  .     d - +0 animal skin
rNeg   . . .     SustAb   .     (shield restricted)
rPois  .         Gourm    .     (helmet restricted)
rElec  .         Spirit   .     r - +2 cloak {MR+}
rCorr  .         Warding  .     (gloves unavailable)
rMut   .         Stasis   .     (boots unavailable)
MR     +....                    v - amulet of rage
Stlth  +.........               w - ring of flight
                                k - ring of see invisible

@: somewhat resistant to hostile enchantments, very unstealthy
A: unfitting armour, tough skin 1
a: Evoke Berserk Rage, Evoke Flight


You were on level 5 of the Dungeon.
You were not hungry.

You visited 1 branch of the dungeon, and saw 5 of its levels.

You collected 195 gold pieces.

Inventory:

Hand weapons
 a - a +0 giant spiked club (weapon)
 y - a +2 flail of holy wrath
Missiles
 b - 38 stones
 c - 3 throwing nets
 g - 17 poisoned needles
 n - 5 large rocks
 B - 2 javelins (quivered)
Armour
 d - a +0 animal skin (worn)
 r - a +2 cloak of magic resistance (worn)
Jewellery
 k - a ring of see invisible (left hand)
 v - an amulet of rage (around neck)
 w - a ring of flight (right hand)
Magical devices
 e - a wand of fire (9)
Scrolls
 q - a scroll of blinking
 s - 2 scrolls of teleportation
Potions
 l - a potion of curing
 m - a potion of flight
 o - a potion of haste
 t - a potion of heal wounds
 u - a potion of cure mutation {unknown}
 z - a potion of lignification {unknown}
 A - a potion of might {unknown}
 C - a potion of brilliance {unknown}
Books
 x - a Necronomicon {highlevel, unknown}

   This book is beyond your current level of understanding.

   Spells                             Type                      Level
   a - Haunt                          Necromancy/Summoning         7
   b - Borgnjor's Revivification      Necromancy                   8
   c - Death's Door                   Charms/Necromancy            8
   d - Necromutation                  Transmutation/Necromancy     8
Comestibles
 f - 4 meat rations
 h - a royal jelly
 i - 3 bread rations
 j - a beef jerky
 p - 3 fruits
 D - 3 chunks of flesh


   Skills:
 * Level 6.5 Fighting
 * Level 5.1 Maces & Flails
 - Level 5.0 Throwing
 + Level 3.6 Dodging
 - Level 0.7 Stealth


You had 6 spell levels left.
You didn't know any spells.

Dungeon Overview and Level Annotations

Branches:
Dungeon (5/15)
 Temple: D:4-7

Altars:
Makhleb


Innate Abilities, Weirdness & Mutations

You are too large for most types of armour.
You have tough skin (AC +1).


Message History

The gnoll barely misses you.
You barely miss the gnoll. You hit the gnoll but do no damage.
The gnoll barely misses you. The gnoll hits you with a flail.
The gnoll hits you but does no damage.
You closely miss the gnoll. The gnoll hits you but does no damage.
The gnoll hits you with a flail!
The gnoll hits you from afar with a spear!
The gnoll barely misses you. The gnoll hits you with a flail!
You closely miss the gnoll.
The gnoll hits you from afar with a spear.
The gnoll misses you. The gnoll hits you with a flail!
The gnoll hits you from afar with a spear.
You closely miss the gnoll. The gnoll closely misses you.
The gnoll hits you but does no damage.
The gnoll hits you from afar with a spear!
* * * LOW HITPOINT WARNING * * *
The gnoll hits you with a whip of electrocution!
* * * LOW HITPOINT WARNING * * *
You are electrocuted!
You die...

# ###### #..... #.####
### #.#
#######.##########.#
.............)...##.####
###.#..)#######........
##@## ####.####
........ggg...... ...#
........####### #####
####.#### ... ###


You could see 3 gnolls.

Vanquished Creatures
  An ogre (D:4)
  A sky beast (D:5)
  A giant frog zombie (D:4)
  Crazy Yiuf (D:3)
  A gnoll shaman (D:5)
  An orc wizard (D:2)
  6 gnolls
  4 adders
  2 giant mites
  7 worms
  An adder skeleton (D:4)
  5 giant geckos
  5 orcs
  12 hobgoblins
  4 jackals (D:2)
  11 kobolds
  3 quokkas (D:2)
  A ball python skeleton (D:4)
  8 bats
  6 giant cockroaches
  A giant gecko skeleton (D:4)
  A giant gecko zombie (D:5)
  15 giant newts
  12 goblins
  5 rats
115 creatures vanquished.

Notes
Turn   | Place    | Note
--------------------------------------------------------------
     0 | D:1      | MrRokkomies, the Ogre Hunter, began the quest for the Orb.
     0 | D:1      | Reached XP level 1. HP: 22/22 MP: 1/1
   354 | D:1      | Reached XP level 2. HP: 31/31 MP: 2/2
   691 | D:1      | Reached XP level 3. HP: 25/39 MP: 3/3
  1782 | D:2      | Reached skill level 5 in Throwing
  1782 | D:2      | Reached XP level 4. HP: 48/48 MP: 4/4
  2207 | D:2      | Reached skill level 1 in Maces & Flails
  2343 | D:2      | Reached XP level 5. HP: 42/55 MP: 5/5
  2977 | D:3      | Reached skill level 5 in Fighting
  3441 | D:3      | Noticed Crazy Yiuf
  3444 | D:3      | Killed Crazy Yiuf
  3784 | D:3      | Reached XP level 6. HP: 66/66 MP: 6/6
  4030 | D:4      | Found a burning altar of Makhleb.
  4310 | D:4      | Reached skill level 6 in Fighting
  4772 | D:5      | Entered Level 5 of the Dungeon
  4811 | D:5      | Reached XP level 7. HP: 62/76 MP: 7/7
  4888 | D:5      | Reached skill level 5 in Maces & Flails
  4935 | D:5      | Mangled by a gnoll

Action                   |  1- 3 |  4- 6 |  7- 9 || total
-------------------------+-------+-------+-------++-------
Melee: Short sword       |   143 |       |       ||   143
       Mace              |    18 |    86 |       ||   104
       Flail             |       |    71 |       ||    71
       Giant spiked club |       |    36 |    16 ||    52
Throw: Large rock        |     7 |     5 |       ||    12
       Stone             |     5 |    37 |     8 ||    50
       Javelin           |       |    13 |     4 ||    17
  Use: Scroll            |     3 |    10 |       ||    13
       Potion            |     1 |     1 |       ||     2
 Stab: Sleeping          |     1 |       |       ||     1
  Eat: Chunk             |     3 |     9 |     1 ||    13
